 Dungeon Crawl Stone Soup version 0.27-a0-1188-g73eefd5def (webtiles) character file.

Game seed: 1314234905296128972

42 st0uf the Digger (level 3, 2/20 HPs)
             Began as a Gargoyle Earth Elementalist on May 20, 2021.
             Quit the game on level 4 of the Dungeon.
             The game lasted 00:05:24 (2326 turns).

st0uf the Digger (Gargoyle Earth Elementalist)      Turns: 2326, Time: 00:05:24

Health: 2/20       AC:  8    Str: 11    XL:     3   Next: 56%
Magic:  6/6        EV: 11    Int: 16    God:
Gold:   33         SH:  0    Dex: 10    Spells: 5/6 levels left

rFire    . . .     SeeInvis .   (no weapon)
rCold    . . .     Faith    .   (no shield)
rNeg     + . .     Spirit   .   c - +0 robe
rPois    ∞         Reflect  .   (no helmet)
rElec    +         Harm     .   (no cloak)
rCorr    .         Rampage  .   e - +1 pair of gloves
Will     .....                  a - +0 pair of boots
Stlth    ++........             (no amulet)
HPRegen  0.06/turn              (no ring)
MPRegen  0.10/turn              (no ring)

@: no status effects
A: sickness immunity, AC +3, negative energy resistance 1, electricity
resistance, torment resistance 1, petrification resistance
a: no special abilities


You were on level 4 of the Dungeon.
You visited 1 branch of the dungeon, and saw 3 of its levels.

You collected 33 gold pieces.

Inventory:

Missiles
 b - 35 stones
 j - 8 poisoned darts
Armour
 a - a +0 pair of boots (worn)
 c - a +0 robe (worn)
 e - a +1 pair of gloves (worn)
Scrolls
 f - a scroll of immolation {unknown}
 h - a scroll of identify {unknown}
Potions
 d - 2 potions of haste {unknown}
 g - a potion of attraction {unknown}
 i - a potion of lignification {unknown}


   Skills:
 + Level 0.5 Fighting
 * Level 1.0 Armour
 - Level 1.5 Dodging
 + Level 2.6 Stealth
 + Level 2.3 Spellcasting
 + Level 0.7 Transmutations
 + Level 4.5 Earth Magic


You had 5 spell levels left.
You knew the following spells:

 Your Spells              Type           Power      Damage    Failure   Level
a - Sandblast             Erth           32%        2d9       3%          1

Your spell library contained the following spells:

 Spells                   Type           Power      Damage    Failure   Level
 Passwall                 Tmut/Erth      8%         N/A       11%         2
 Stone Arrow              Conj/Erth      18%        3d8       24%         3
 Petrify                  Tmut/Erth      10%        N/A       56%         4
 Lee's Rapid Deconstruct  Erth           8%         3d8*      65%         5


Dungeon Overview and Level Annotations

Branches:
Dungeon (2/15)

Altars:


Innate Abilities, Weirdness & Mutations

You are immune to sickness and miasma.
Your stone body is resilient. (AC +3)
You are immune to poison.
You resist negative energy. (rN+)
You are resistant to electric shocks. (rElec)
You are resistant to unholy torment.
You are immune to petrification.


Message History

You feel less confused.
The orc wizard shouts!
A magic dart appears from out of thin air!
The magic dart hits you.
The orc wizard points at you and mumbles some strange words.
The magic dart hits you but does no damage.
The orc wizard gestures at you while chanting.
You are confused.
The orc wizard hits you with a +0 dagger.
The orc wizard casts a spell at itself.
The orc wizard flickers and vanishes!
The orc wizard hits you but does no damage.
You completely miss the orc wizard. The orc wizard barely misses you.
The orc wizard casts a spell at you.
The puff of flame hits something.
The orc wizard casts a spell at you.
The magic dart hits something.
You're too confused to move!
You feel less confused.
You hear some strange, mumbled words.
Something tries to affect you, but you resist.
Something hits you but does no damage. Something hits you.
The orc wizard gestures at you while chanting.
You resist with significant effort.
The orc wizard gestures at itself while chanting.
The orc wizard flickers and vanishes!
The scorpion misses you. The scorpion closely misses you.
The orc wizard hits you but does no damage.
The scorpion stings you.
You completely miss something.
You hear some strange, mumbled words.
A magic dart appears from out of thin air!
The magic dart hits you. Something hits you but does no damage.
The scorpion stings you.
* * * LOW HITPOINT WARNING * * *
The orc wizard hits you with a +0 dagger.
* * * LOW HITPOINT WARNING * * *
Are you sure you want to abandon this character and quit the game? (Confirm with "yes".)

##### ##...##
###.....## ##........#
##.........##
##.......<@..#
###........os{o#
#...........{..#
#..............## #
#..............#.##
.#................#.
.....................
.#....................
...##..........$.......


You could see a scorpion, an orc wizard and an orc.

Vanquished Creatures
  2 ball pythons (D:1)
  3 bats
  5 endoplasms
  6 giant cockroaches (D:1)
  2 goblins
  A hobgoblin (D:1)
  6 kobolds
  2 quokkas (D:1)
  A frilled lizard (D:1)
  10 rats (D:1)
38 creatures vanquished.

Vanquished Creatures (others)
  A plant (D:2)
1 creature vanquished.

Grand Total: 39 creatures vanquished

Notes
Turn   | Place    | Note
-------+----------+-------------------------------------------
     0 | D:1      | st0uf the Gargoyle Earth Elementalist began the quest for
                  | the Orb.
     0 | D:1      | Reached XP level 1. HP: 10/10 MP: 3/3
   744 | D:1      | Reached XP level 2. HP: 15/15 MP: 1/5
   948 | D:1      | Reached skill level 4 in Earth Magic
  1160 | D:1      | Reached XP level 3. HP: 9/19 MP: 6/6
  1523 | D:1      | Reached skill level 1 in Armour
  1566 | D:1      | Found a faded altar of an unknown god.
  2150 | D:2      | You fall into a shaft and drop 2 floors!
  2184 | D:4      | Noticed a scorpion
  2326 | D:4      | Quit the game

Illustrated notes

Levels and vault maps discovered:
D:1:      lemuel_arrival_tunnels, layout_basic, ebering_ecumenical_altar_mist,
          minmay_misc_feat_columns
D:2:      layout_rooms, serial_forest, infiniplex_forest_end_3,
          infiniplex_forest_clump_double, infiniplex_forest_lined_ring,
          infiniplex_forest_clump_small, infiniplex_forest_end_2,
          infiniplex_forest_clump_cross, infiniplex_forest_lined_2,
          infiniplex_forest_clump_double
D:4:      layout_cave_pods, temple_statues

Skill      XL: |  1  2  3 |
---------------+----------+-----
Earth Magic    | 4 |  4.5
Armour         | 1 |  1.0
Fighting       | |  0.5
Dodging        | |  1.5
Stealth        | |  2.6
Spellcasting   | |  2.3
Transmutations | |  0.7

Action                   || total
-------------------------++-------
Melee: Unarmed           ||   260
 Cast: Sandblast         ||    13
 Stab: Sleeping          ||     2
Armor: Robe              ||   116
Dodge: Dodged            ||   148

Table legend: (Time is in decaauts)
 A = Elapsed time spent in this place.
 B = Non-inter-level travel time spent in this place.
 C = Inter-level travel time spent in this place.
 D = Time resting spent in this place.
 E = Time spent auto-exploring this place.
 F = Levels seen in this place.
 G = Mean time per level.
                   A        B        C        D        E       F      G
               +--------+--------+--------+--------+--------+-----+--------+
         Total |   2325 |   2289 |     36 |    483 |   1239 |   3 |  775.0 |
       Dungeon |   2325 |   2289 |     36 |    483 |   1239 |   3 |  775.0 |
               +--------+--------+--------+--------+--------+-----+--------+

Top non-repeatable levels by time:
     D:1: 1939 daAuts
     D:2: 210 daAuts
     D:4: 175 daAuts
